 Dungeon Crawl Stone Soup version 0.22-a0-348-gd16d139 (webtiles) character file.

7319 mhoghedin the Dealer of Despair (level 11, -1/63 HPs)
             Began as a Kobold Artificer on Apr 9, 2018.
             Was an Elder of Kikubaaqudgha.
             Killed from afar by Erolcha (9 damage)
             ... with a bolt of cold
             ... on level 10 of the Dungeon on Apr 10, 2018.
             The game lasted 00:47:20 (11739 turns).

mhoghedin the Dealer of Despair (Kobold Artificer) Turns: 11739, Time: 00:47:21

Health: -1/63      AC: 11    Str: 24    XL:     11   Next: 35%
Magic:  12/17      EV: 14    Int: 24    God:    Kikubaaqudgha [****..]
Gold:   639        SH:  5    Dex: 10    Spells: 1/18 levels left

rFire    x . .     SeeInvis .   i - +3 dagger (venom)
rCold    + + .     Gourm    .   g - +0 buckler
rNeg     + + .     Faith    .   k - +4 scale mail "Nuepir" {rC+ Str+10 Int+4 Dex-5}
rPois    .         Spirit   .   h - -1 helmet of the Fiddle {*Drain +Inv rN++ Str+4}
rElec    +         Reflect  .   (no cloak)
rCorr    .         Harm     .   D - +0 pair of gloves
MR       .....                  (no boots)
Stlth    +++.......             (no amulet)
HPRegen  0.20/turn              j - ring "Urohitoq" {Ice rElec Int+4}
MPRegen  0.15/turn              F - ring of stealth {Stlth+}

@: very slightly contaminated, invisible
A: small, carnivore
a: Receive Corpses, Renounce Religion


You were on level 10 of the Dungeon.
You worshipped Kikubaaqudgha.
Kikubaaqudgha was greatly pleased with you.
You were very full.

You visited 1 branch of the dungeon, and saw 10 of its levels.
You also visited: Sewer.

You collected 639 gold pieces.

Inventory:

Hand Weapons
 i - a +3 dagger of venom (weapon)
   (You took it off a goblin on level 1 of the Dungeon)
Missiles
 I - 2 throwing nets {=f, !d}
Armour
 g - a +0 buckler (worn)
   (You found it on level 7 of the Dungeon)
 h - the -1 helmet of the Fiddle (worn) {*Drain +Inv rN++ Str+4}
   (You found it on level 4 of the Dungeon)

   It affects your strength (+4).
   It greatly protects you from negative energy.
   It lets you turn invisible.
   It causes draining when unequipped.
 k - the +4 scale mail "Nuepir" (worn) {rC+ Str+10 Int+4 Dex-5}
   (You found it on level 4 of the Dungeon)

   It affects your strength (+10).
   It affects your intelligence (+4).
   It affects your dexterity (-5).
   It protects you from cold.
 D - a +0 pair of gloves (worn)
   (You found it on level 6 of the Dungeon)
Jewellery
 j - the ring "Urohitoq" (left hand) {Ice rElec Int+4}
   (You took it off a kobold on level 8 of the Dungeon)

   [ring of ice]

   It enhances your ice magic.
   It affects your intelligence (+4).
   It makes you vulnerable to fire.
   It protects you from cold.
   It insulates you from electricity.
 t - an uncursed ring of see invisible {sInv, !d}
   (You found it on level 4 of the Dungeon)
 F - a ring of stealth (right hand) {Stlth+}
   (You found it on level 6 of the Dungeon)
Wands
 c - a wand of flame (3)
 d - a wand of enslavement (13)
 e - a wand of random effects (41)
 G - a wand of iceblast (3)
   (You found it on level 6 of the Dungeon)
Scrolls
 m - 2 scrolls of teleportation
 s - 2 scrolls of immolation {!r}
 u - a scroll of blinking {!r}
 w - 2 scrolls of enchant weapon
 x - 2 scrolls of fog
 y - 2 scrolls of amnesia
 B - a scroll of remove curse
 H - a scroll of brand weapon {unknown}
Potions
 a - 3 potions of flight
 b - a potion of brilliance {unknown}
 l - a potion of agility
 n - 5 potions of berserk rage {!q}
 o - 4 potions of lignification {!q}
 p - 2 potions of invisibility
 r - a potion of curing {unknown}
 v - 2 potions of haste {unknown}
 z - a potion of might
 A - 3 potions of heal wounds
 E - 3 potions of cancellation
Comestibles
 f - 28 rations


   Skills:
 - Level 5.0 Fighting
 - Level 4.9 Short Blades
 - Level 2.0 Armour
 - Level 5.0 Dodging
 - Level 5.9 Stealth
 + Level 5.1 Shields
 - Level 4.2 Spellcasting
 + Level 9.2 Necromancy
 + Level 4.3 Earth Magic
 - Level 8.7 Evocations


You had one spell level left.
You knew the following spells:

 Your Spells              Type           Power        Failure   Level  Hunger
a - Corpse Rot            Necr           N/A          1%          2    None
b - Borgnjor's Vile Clut  Necr/Erth      #####.....   38%         5    #####..
g - Apportation           Tloc           #.....       24%         1    None
m - Sublimation of Blood  Necr           #####.....   1%          2    None
x - Vampiric Draining     Necr           #####.....   1%          3    ##.....
A - Animate Dead          Necr           N/A          5%          4    ####...


Dungeon Overview and Level Annotations

Branches:
Dungeon (10/15)            Temple (0/1) D:7             Orc (0/2) D:9
   Lair: D:8-11

Altars:
Cheibriados
Kikubaaqudgha
Makhleb
Vehumet
Zin

Annotations:
D:8 exclusions: jelly and oklob plant
D:10 1 runed door, Erolcha


Innate Abilities, Weirdness & Mutations

You are small and have problems with some larger weapons.
You are carnivorous and can eat meat at any time.


Message History

You hit the centaur warrior zombie.
The centaur warrior zombie hits you but does no damage.
You hit the centaur warrior zombie.
The centaur warrior zombie closely misses you.
You hit the centaur warrior zombie but do no damage.
The centaur warrior zombie closely misses you.
You hit the centaur warrior zombie.
The centaur warrior zombie barely misses you.
You hit the centaur warrior zombie.
You block the centaur warrior zombie's attack.
You hit the centaur warrior zombie.
The centaur warrior zombie barely misses you.
You hit the centaur warrior zombie. You hit the centaur warrior zombie.
The centaur warrior zombie hits you but does no damage.
You puncture the centaur warrior zombie!
You block the centaur warrior zombie's attack.
Your shield and scale mail "Nuepir" prevent you from hitting the centaur warrior zombie.
You block the centaur warrior zombie's attack.
You puncture the centaur warrior zombie!
The centaur warrior zombie completely misses you.
You hit the centaur warrior zombie. The centaur warrior zombie hits you.
You take 4 damage, and have 59/63 hp.
You hit the centaur warrior zombie.
The centaur warrior zombie hits you but does no damage.
You hit the centaur warrior zombie.
The centaur warrior zombie completely misses you.
You hit the centaur warrior zombie but do no damage.
The centaur warrior zombie closely misses you.
You hit the centaur warrior zombie.
The centaur warrior zombie closely misses you.
You hit the centaur warrior zombie. The centaur warrior zombie hits you.
You take 1 damage, and have 58/63 hp.
You hit the centaur warrior zombie.
The centaur warrior zombie hits you but does no damage.
You hit the centaur warrior zombie. The centaur warrior zombie misses you.
You hit the centaur warrior zombie.
The centaur warrior zombie hits you but does no damage.
You hit the centaur warrior zombie.
The centaur warrior zombie closely misses you.
You hit the centaur warrior zombie but do no damage.
The centaur warrior zombie hits you but does no damage.
You puncture the centaur warrior zombie!
The centaur warrior zombie hits you but does no damage.
You hit the centaur warrior zombie but do no damage.
The centaur warrior zombie closely misses you.
You hit the centaur warrior zombie.
You destroy the centaur warrior zombie!
Kikubaaqudgha accepts your kill.
Erolcha the Cunning comes into view.
She is wielding a giant club.
Erolcha drinks a potion.
Erolcha flickers and vanishes!
Deactivating autopickup; reactivate with Ctrl-A.
You hear some strange, mumbled words.
A crystal spear appears from out of thin air!
The crystal spear misses you. Something barely misses you.
Health restored: 63 You hear some strange, mumbled words.
A bolt of cold appears from out of thin air!
The bolt of cold hits you! You resist.
You take 5 damage, and have 58/63 hp.
You hear some strange, mumbled words.
A crystal spear appears from out of thin air!
The crystal spear hits you!
You take 26 damage, and have 32/63 hp.
MASSIVE DAMAGE!!
Okay, then.
Unknown command.
Okay, then.
Unknown command.
Unknown command.
Okay, then.
Unknown command.
You can't see any susceptible monsters within range! (Use Z to cast anyway.)
The spell is very dangerous to cast (38% risk of failure)!
Continue anyway?
Decaying hands burst forth from the earth!
You now have 12/17 mp.
Something hits you!!
* * * LOW HITPOINT WARNING * * *
You take 20 damage, and have 12/63 hp.
MASSIVE DAMAGE!!
You hear some strange, mumbled words.
A bolt of cold appears from out of thin air!
The bolt of cold hits you! You resist.
* * * LOW HITPOINT WARNING * * *
You take 6 damage, and have 6/63 hp.
Something hits you but does no damage.
Really read
u - 2 scrolls of blinking {!r}?
Blink to where?
You are very lightly contaminated with residual magic.
As you read the scroll of blinking {!r}, it crumbles to dust.
You fade into invisibility!
You feel quite a bit less full.
You now have 11/17 mp.
You hear some strange, mumbled words.
A bolt of cold appears from out of thin air!
The bolt of cold hits you! You resist.
You die...
Kikubaaqudgha rasps: "You have failed me!
Welcome... death!"

###########)###.###########..# #(#
#.# #..# #)# #.# #).#
############.# #.# #.)###
...<.........###.###########.....
........<.....................)..
############.....................
#..##.##############.. #..##@# #..
#..##.# #.. #..##.# #.. #..##.#
#.. ############..##.# #..
..............##.##############..
........................ยง........
...................#############.
################...# #.


There were no monsters in sight!

Vanquished Creatures
  A two-headed ogre (D:9)
  A centaur zombie (D:10)
  2 hippogriffs
  2 wyverns (D:8)
  Grum (D:9)
  2 ice beasts (D:8)
  2 sky beasts
  8 ogres
  6 orc warriors
  3 centaurs
  3 wolves (D:9)
  2 crocodiles
  3 big kobolds
  A gnoll sergeant (D:9)
  4 bullfrogs
  A wyvern skeleton (D:8)
  4 scorpions
  12 killer bees
  5 wights (D:7)
  2 howler monkeys (D:6)
  8 crimson imps
  2 bullfrog zombies
  A quasit (D:9)
  9 orc priests
  4 bullfrog skeletons
  A hound (D:7)
  9 jellies
  3 orc wizards
  3 iguanas
  Natasha (thrice) (D:3)
  9 worker ants
  A killer bee zombie (D:9)
  A hound zombie (D:6)
  A worker ant zombie (D:6)
  5 gnolls (D:9)
  10 adders
  2 shadow imps
  9 oozes
  2 adder zombies
  6 adder skeletons
  3 worms
  3 dart slugs
  6 leopard geckos
  14 orcs
  5 giant cockroaches
  20 goblins
  11 hobgoblins
  7 jackals
  3 quokkas
  9 bats
  3 frilled lizards
  A jackal skeleton (D:9)
  A jackal zombie (D:7)
  23 kobolds
  A leopard gecko skeleton (D:6)
  A quokka zombie (D:8)
  14 rats
279 creatures vanquished.

Vanquished Creatures (collateral kills)
  A wolf (D:9)
  2 jellies (D:8)
  A crimson imp (D:8)
  An ooze (D:8)
  3 orcs
8 creatures vanquished.

Vanquished Creatures (others)
  An orc priest (D:3)
  An orc (D:10)
  5 fungi (D:8)
7 creatures vanquished.

Grand Total: 294 creatures vanquished

Notes
Turn   | Place    | Note
-------+----------+-------------------------------------------
     0 | D:1      | mhoghedin the Kobold Artificer began the quest for the Orb.
     0 | D:1      | Reached XP level 1. HP: 12/12 MP: 3/3
   207 | D:1      | Reached skill level 2 in Short Blades
   207 | D:1      | Reached XP level 2. HP: 9/16 MP: 4/4
   617 | D:1      | Reached skill level 2 in Fighting
   805 | D:1      | Reached XP level 3. HP: 21/21 MP: 5/5
   819 | D:1      | Reached skill level 2 in Stealth
  1028 | D:2      | Reached skill level 3 in Short Blades
  1120 | D:2      | Reached XP level 4. HP: 15/27 MP: 6/6
  1276 | D:2      | Found an ancient bone altar of Kikubaaqudgha.
  1380 | D:2      | Became a worshipper of Kikubaaqudgha
  1485 | D:2      | Reached skill level 3 in Stealth
  1962 | D:3      | Noticed Natasha
  1972 | D:3      | Reached skill level 3 in Fighting
  1972 | D:3      | Reached XP level 5. HP: 26/32 MP: 7/7
  2563 | D:3      | Reached * piety under Kikubaaqudgha
  2563 | D:3      | Identified Kikubaaqudgha's Tome of Sinister Rituals (Kikubaaqudgha gifted it to you on level 3 of the Dungeon)
  2563 | D:3      | Received a gift from Kikubaaqudgha
  2576 | D:3      | Reached skill level 4 in Short Blades
  2593 | D:3      | Reached skill level 4 in Stealth
  2772 | D:3      | Killed Natasha
  2772 | D:3      | Reached XP level 6. HP: 37/37 MP: 8/8
  3030 | D:3      | Noticed Natasha
  3038 | D:3      | Killed Natasha
  3045 | D:3      | Noticed Natasha
  3053 | D:3      | Killed Natasha
  3344 | D:4      | Got a twisted helmet
  3350 | D:4      | Identified the cursed -1 helmet of the Fiddle {*Drain +Inv rN++ Str+4} (You found it on level 4 of the Dungeon)
  3386 | D:4      | Reached skill level 4 in Fighting
  3438 | D:4      | Got a shimmering scale mail
  3530 | D:4      | Identified the +4 scale mail "Nuepir" {rC+ Str+10 Int+4 Dex-5} (You found it on level 4 of the Dungeon)
  3534 | D:4      | Learned a level 3 spell: Vampiric Draining
  3981 | D:4      | Learned a level 2 spell: Corpse Rot
  3999 | D:4      | Reached skill level 3 in Dodging
  3999 | D:4      | Reached XP level 7. HP: 35/44 MP: 9/9
  4248 | D:4      | Reached skill level 1 in Armour
  4493 | D:5      | Entered Level 5 of the Dungeon
  4936 | D:5      | Found a glowing drain.
  4940 | Sewer    | Entered a sewer
  4983 | Sewer    | Reached skill level 5 in Fighting
  4983 | Sewer    | Reached skill level 2 in Armour
  4983 | Sewer    | Reached skill level 4 in Dodging
  5194 | D:5      | Reached skill level 1 in Necromancy
  5194 | D:5      | Reached skill level 4 in Evocations
  5194 | D:5      | Reached XP level 8. HP: 49/49 MP: 9/11
  5221 | D:5      | Reached skill level 2 in Necromancy
  5251 | D:5      | Found a snail-covered altar of Cheibriados.
  5835 | D:6      | Reached skill level 5 in Evocations
  5918 | D:6      | Reached skill level 3 in Necromancy
  6012 | D:6      | Reached skill level 6 in Evocations
  6020 | D:6      | Reached ** piety under Kikubaaqudgha
  6037 | D:6      | Reached skill level 4 in Necromancy
  6220 | D:6      | Reached XP level 9. HP: 54/54 MP: 14/14
  6256 | D:6      | Reached skill level 7 in Evocations
  6314 | D:6      | Reached skill level 5 in Necromancy
  6317 | D:6      | Learned a level 1 spell: Apportation
  6320 | D:6      | Learned a level 2 spell: Sublimation of Blood
  6728 | D:7      | Reached skill level 8 in Evocations
  6741 | D:7      | Found a staircase to the Ecumenical Temple.
  6826 | D:7      | Reached skill level 6 in Necromancy
  7314 | D:7      | Reached *** piety under Kikubaaqudgha
  7314 | D:7      | Identified Kikubaaqudgha's Volume of Darkness (Kikubaaqudgha gifted it to you on level 7 of the Dungeon)
  7314 | D:7      | Received a gift from Kikubaaqudgha
  7314 | D:7      | Reached skill level 5 in Stealth
  7424 | D:7      | Reached skill level 5 in Dodging
  7759 | D:8      | Reached skill level 1 in Spellcasting
  7759 | D:8      | Reached XP level 10. HP: 59/59 MP: 16/16
  7788 | D:8      | Reached skill level 1 in Shields
  7829 | D:8      | Noticed an oklob plant
  7846 | D:8      | Reached skill level 2 in Spellcasting
  8076 | D:7      | Learned a level 4 spell: Animate Dead
  8113 | D:8      | Reached skill level 2 in Shields
  8113 | D:8      | Reached skill level 7 in Necromancy
  8215 | D:8      | Reached skill level 3 in Spellcasting
  8540 | D:8      | HP: 21/88 [killer bee (2)]
  8595 | D:8      | Got a vibrating amber ring
  8650 | D:8      | Found a burning altar of Makhleb.
  8651 | D:8      | Found a radiant altar of Vehumet.
  8662 | D:8      | Reached skill level 3 in Shields
  8666 | D:8      | Identified the ring "Urohitoq" {Ice rElec Int+4} (You took it off a kobold on level 8 of the Dungeon)
  8801 | D:8      | Reached **** piety under Kikubaaqudgha
  9281 | D:8      | Reached skill level 4 in Spellcasting
  9382 | D:8      | Learned a level 5 spell: Borgnjor's Vile Clutch
  9400 | D:9      | Found a staircase to the Orcish Mines.
  9466 | D:9      | Noticed Grum
  9478 | D:9      | Noticed a two-headed ogre
  9511 | D:9      | Reached skill level 8 in Necromancy
  9786 | D:9      | Reached skill level 1 in Earth Magic
  9823 | D:9      | Killed Grum
 10233 | D:9      | Killed a two-headed ogre
 10233 | D:9      | Reached skill level 4 in Shields
 10233 | D:9      | Reached skill level 2 in Earth Magic
 10233 | D:9      | Reached XP level 11. HP: 63/63 MP: 14/17
 10400 | D:9      | Reached skill level 3 in Earth Magic
 11109 | D:10     | Entered Level 10 of the Dungeon
 11172 | D:10     | Reached skill level 9 in Necromancy
 11208 | D:10     | Noticed an angel
 11209 | D:10     | Found a glowing silver altar of Zin.
 11223 | D:10     | Found a runed door.
 11319 | D:10     | Reached skill level 5 in Shields
 11334 | D:10     | Reached skill level 4 in Earth Magic
 11707 | D:10     | Noticed Erolcha
 11727 | D:10     | HP: 12/63 [something (20)]
 11739 | D:10     | Killed from afar by Erolcha

Vault maps used:
D:1:      dpeg_arrival_round_c
D:2:      cheibrodos_greedy_goblins, nicolae_overflow_crystal_walls
D:3:      first_ration, uniq_natasha
D:4:      serial_bayou, serial_bayou_pond_a, serial_bayou_lake_a,
          serial_bayou_lagoon_a, serial_bayou_pond_d
D:5:      gup_sewer_entry_bowl, dk_noncrumbling_3, cheibriados_altar_1
D:6:      serial_undead, serial_undead_b, serial_undead_d, serial_undead_f,
          serial_undead_b, serial_undead_e
D:7:      minmay_temple_entry_grid, grunt_ogre_cave
D:8:      lemuel_slime, grunt_temple_overflow_lords_of_destruction
D:9:      orc_0_dummy, kennysheep_crisscross, uniq_grum
D:10:     lemuel_angel_altar, uniq_erolcha
Sewer:    sewer_big_baddie

Skill      XL: |  1  2  3  4  5  6  7  8  9 10 11 |
---------------+----------------------------------+-----
Short Blades   | 2 3 4 |  4.9
Fighting       | 2 3 4 5 |  5.0
Stealth        | 2 3 4 5 |  5.9
Dodging        | 3 4 5 |  5.0
Armour         | 2 |  2.0
Necromancy     | 1 4 6 8 9 |  9.2
Evocations     | 4 6 8 |  8.7
Spellcasting   | 1 4 |  4.2
Shields        | 4 5 |  5.1
Earth Magic    | 2 4 |  4.3

Action                   |  1- 3 |  4- 6 |  7- 9 | 10-12 || total
-------------------------+-------+-------+-------+-------++-------
Melee: Short sword       |    31 |       |       |       ||    31
       Dagger            |    73 |   184 |   356 |   469 ||  1082
 Cast: Corpse Rot        |       |       |     1 |     3 ||     4
       Vampiric Draining |       |       |       |    26 ||    26
       Animate Dead      |       |       |       |     8 ||     8
       Sublimation of Bl |       |       |       |     5 ||     5
       Borgnjor's Vile C |       |       |       |     1 ||     1
Invok: Receive Corpses   |       |       |       |     4 ||     4
 Abil: Evoke Invisibilit |       |       |     5 |     6 ||    11
Evoke: Wand              |       |     1 |    15 |     1 ||    17
  Use: Scroll            |       |     7 |     8 |     5 ||    20
       Potion            |       |       |       |     5 ||     5
 Stab: Sleeping          |     4 |       |     5 |     6 ||    15
       Invisible         |       |       |    13 |     6 ||    19
       Distracted        |       |       |     2 |     1 ||     3
  Eat: Chunk             |     2 |    14 |    11 |    22 ||    49
       Ration            |       |     1 |       |       ||     1
Armor: Leather armour    |    23 |    10 |       |       ||    33
       Ring mail         |       |    12 |       |       ||    12
       Scale mail        |       |     8 |    92 |   155 ||   255
       Skin              |       |       |       |    33 ||    33
Dodge: Dodged            |    55 |    98 |   235 |   308 ||   696
Block: Buckler           |       |       |       |   102 ||   102

Table legend:
 A = Spawn XP
 B = Non-spawn XP
 C = Spawn XP percentage of total XP
 D = Spawn monster count
 E = Non-spawn monster count
 F = Spawn count percentage of total count
 G = Total turns spent on level
                    A         B        C        D         E        F      G
               +---------+---------+-------+---------+---------+-------+---------
         Total |       0 |   10456 |   0.0 |       0 |     287 |   0.0 | 11739
               +---------+---------+-------+---------+---------+-------+---------
           D:1 |       0 |      40 |   0.0 |       0 |      22 |   0.0 |   939
           D:2 |       0 |      88 |   0.0 |       0 |      35 |   0.0 |   968
           D:3 |       0 |     232 |   0.0 |       0 |      30 |   0.0 |  1411
           D:4 |       0 |     317 |   0.0 |       0 |      10 |   0.0 |  1439
           D:5 |       0 |     434 |   0.0 |       0 |      17 |   0.0 |   843
           D:6 |       0 |    1033 |   0.0 |       0 |      30 |   0.0 |   776
           D:7 |       0 |    1485 |   0.0 |       0 |      27 |   0.0 |  1482
           D:8 |       0 |    2379 |   0.0 |       0 |      46 |   0.0 |  1299
           D:9 |       0 |    3188 |   0.0 |       0 |      46 |   0.0 |  1726
          D:10 |       0 |    1148 |   0.0 |       0 |      18 |   0.0 |   630
         Sewer |       0 |     112 |   0.0 |       0 |       6 |   0.0 |   226
               +---------+---------+-------+---------+---------+-------+---------

Vault maps used:
D:1:      dpeg_arrival_round_c
D:2:      cheibrodos_greedy_goblins, nicolae_overflow_crystal_walls
D:3:      first_ration, uniq_natasha
D:4:      serial_bayou, serial_bayou_pond_a, serial_bayou_lake_a,
          serial_bayou_lagoon_a, serial_bayou_pond_d
D:5:      gup_sewer_entry_bowl, dk_noncrumbling_3, cheibriados_altar_1
D:6:      serial_undead, serial_undead_b, serial_undead_d, serial_undead_f,
          serial_undead_b, serial_undead_e
D:7:      minmay_temple_entry_grid, grunt_ogre_cave
D:8:      lemuel_slime, grunt_temple_overflow_lords_of_destruction
D:9:      orc_0_dummy, kennysheep_crisscross, uniq_grum
D:10:     lemuel_angel_altar, uniq_erolcha
Sewer:    sewer_big_baddie

Table legend:
 A = Turns spent in this place as a percentage of turns spent in the entire game.
 B = Non-inter-level travel turns spent in this place as a percentage of non-inter-level travel turns spent in the entire game.
 C = Inter-level travel turns spent in this place as a percentage of turns spent in this place.
 D = Turns resting spent in this place as a percentage of non-inter-level travel turns spent in this place.
 E = Turns spent auto-exploring this place as a percentage of non-inter-level travel turns spent in this place.
 F = Non-inter-level travel turns spent in this place divided by the number of levels of this place that you've seen.
                   A       B       C       D       E      F
               +-------+-------+-------+-------+-------+----------------------
         Total | 100.0 | 100.0 |   3.0 |  25.4 |  48.5 | 1035.1
       Dungeon |  98.1 |  98.0 |   3.1 |  25.0 |  49.0 | 1116.0
         Sewer |   1.9 |   2.0 |   0.0 |  42.5 |  24.3 | 226.0
               +-------+-------+-------+-------+-------+----------------------

Table legend:
 A = Kills in this place as a percentage of kills in entire the game.
 B = Kills by you in this place as a percentage of kills by you in the entire game.
 C = Kills by friends in this place as a percentage of kills by friends in the entire game.
 D = Other kills in this place as a percentage of other kills in the entire game.
 E = Experience gained in this place as a percentage of experience gained in the entire game.
 F = Experience gained in this place divided by the number of levels of this place that you have seen.
                   A       B       C       D       E      F
               +-------+-------+-------+-------+-------+----------------------
         Total | 100.0 | 100.0 | 100.0 |   N/A | 100.0 | 950.5
       Dungeon |  97.9 |  97.8 | 100.0 |   N/A |  98.9 | 1034.4
         Sewer |   2.1 |   2.2 |   0.0 |   N/A |   1.1 | 112.0
               +-------+-------+-------+-------+-------+----------------------
